 Dungeon Crawl Stone Soup version 0.13.0-29-gdb529de (webtiles) character file.

85969 M4edhros the Imperceptible (level 15, -5/81 HPs)
             Began as an Octopode Artificer on Nov 9, 2013.
             Was an Elder of Fedhas.
             Killed by divine providence
             ... invoked by a deep elf priest
              (12 damage)
             ... on Level 2 of the Elven Halls on Nov 12, 2013.
             The game lasted 02:35:19 (32309 turns).

M4edhros the Imperceptible (Octopode Artificer)    Turns: 32309, Time: 02:35:23

HP  -5/81        AC  8     Str 13      XL: 15   Next: 83%
MP   0/38        EV  9     Int 18      God: Fedhas [****..]
Gold 637         SH 31     Dex 13      Spells:  7 memorised,  7 levels left

Res.Fire  : + + +   See Invis. : +   j - +5,+11 spear of the Doomed Warrior {venom, -Tele rF++ SInv}
Res.Cold  : . . .   Warding    : .   P - -2 large shield of Muuzurim {rF++ Str+2}
Life Prot.: + . .   Conserve   : .   c - +2 wizard hat
Res.Poison: +       Res.Corr.  : .   F - amulet of guardian spirit
Res.Elec. : .       Clarity    : .   (no ring)
Sust.Abil.: + .     Spirit.Shd : +   x - ring of invisibility
Res.Mut.  : .       Prev.Telep.: +   Y - ring of positive energy
Res.Rott. : .       Flight     : .   h - ring of wizardry
Saprovore : . . .                    M - +5 ring of protection
                                     z - ring of magical power
                                     g - ring of poison resistance {unknown}
                                     k - ring of sustain abilities {unknown}

@: studying Conjurations, drained, somewhat resistant to hostile enchantments,
incredibly stealthy
A: almost no armour, amphibious, 8 rings, constrict 8, camouflage 1, -10% hp,
sense surroundings 1, AC +1, Int -2
a: Evolution, Sunlight, Growth, Reproduction, Renounce Religion, Evoke
Invisibility


You were on level 2 of the Elven Halls.
You worshipped Fedhas.
Fedhas was greatly pleased with you.
You were not hungry.

You visited 5 branches of the dungeon, and saw 26 of its levels.
You visited 1 bazaar.
You also visited: Labyrinth.

You collected 3111 gold pieces.
You spent 2494 gold pieces at shops.

Inventory:

Hand weapons
 j - the +5,+11 spear of the Doomed Warrior (weapon) {venom, -Tele rF++ SInv}
   (You found it on level 7 of the Dungeon)

   It poisons the flesh of those it strikes.
   It greatly protects you from fire.
   It enhances your eyesight.
   It prevents most forms of teleportation.
 t - a +2,+0 demon trident of pain
 O - the +8,+7 long sword of Dishonour {freeze, Dex+1, unknown}
   (You found it on level 3 of the Elven Halls)

   It has been specially enchanted to freeze those struck by it, causing extra
   injury to most foes and up to double damage against particularly susceptible
   opponents.
   It can also slow down cold-blooded creatures.
   It affects your dexterity (+1).
 T - the +7,+6 scimitar of the Tent {flame, +Inv, unknown}
   (You found it on level 3 of the Elven Halls)

   It emits flame when wielded, causing extra injury to most foes and up to
   double damage against particularly susceptible opponents.
   Big, fiery blades are also staple armaments of hydra-hunters.
   It lets you turn invisible.
Armour
 c - a +2 wizard hat (worn)
 P - the cursed -2 large shield of Muuzurim (worn) {rF++ Str+2}
   (You found it on level 2 of the Lair of Beasts)

   It affects your strength (+2).
   It greatly protects you from fire.
   It has a curse placed upon it.
Magical devices
 s - a wand of disintegration (18)
 B - a wand of polymorph (6)
 H - a wand of cold (1)
 X - a wand of digging (6) {unknown}
Comestibles
 a - an apple
 f - 3 meat rations
 n - a bread ration
 C - 2 pears
Scrolls
 v - 2 scrolls of fear
 w - a scroll of blinking
 y - 5 scrolls of teleportation
 D - a scroll of fog
 J - a scroll of summoning
Jewellery
 e - an uncursed amulet of stasis
 g - a ring of poison resistance (on tentacle) {unknown}
 h - a ring of wizardry (on tentacle)
 i - an uncursed ring of teleportation
 k - a ring of sustain abilities (on tentacle) {unknown}
 x - a ring of invisibility (right tentacle)
 z - a ring of magical power (on tentacle)
 F - an amulet of guardian spirit (around mantle)
 G - the ring "Pneng" {SustAb Str+3 Dex+2 Stlth--}
   (You found it on level 3 of the Elven Halls)

   [ring of sustain abilities]

   It affects your strength (+3).
   It affects your dexterity (+2).
   It makes you much less stealthy.
 L - an uncursed ring of positive energy
 M - a +5 ring of protection (on tentacle)
 Y - a ring of positive energy (on tentacle)
Potions
 l - a potion of speed
 m - a potion of curing
 E - a potion of brilliance
 I - 2 potions of might
 K - a potion of restore abilities
 U - a potion of berserk rage
 V - a potion of resistance
Books
 o - a book of Alchemy

   Spells                             Type                      Level
   Lethal Infusion                    Charms/Necromancy            2
   Sublimation of Blood               Necromancy                   2
   Condensation Shield                Ice                          4
   Alistair's Intoxication            Transmutation/Poison         4
   Petrify                            Transmutation/Earth          4
   Ignite Poison                      Fire/Transmutation           5
 p - a book of War Chants

   Spells                             Type                      Level
   Fire Brand                         Charms/Fire                  2
   Freezing Aura                      Charms/Ice                   2
   Shroud of Golubria                 Charms/Translocation         2
   *Repel Missiles                    Charms/Air                   2
   Poison Weapon                      Charms/Poison                3
   *Regeneration                      Charms/Necromancy            3
 Z - a manual of Conjurations
Magical staves
 W - an uncursed staff of summoning
Miscellaneous
 r - a disc of storms
 u - a crystal ball of energy
 N - a phial of floods
 Q - a lantern of shadows
Rods
 d - a +5 rod of the swarm (15/15)
   (You found it on level 8 of the Lair of Beasts)
 S - a +9 lightning rod (14/14)
   (You found it in a labyrinth)


   Skills:
 + Level 3.8(3.7) Fighting
   Level 1.0(0.9) Short Blades
 - Level 10.7(10.6) Polearms
 - Level 2.0(1.9) Dodging
 + Level 22.1(21.9) Stealth
 * Level 11.7(11.6) Shields
 - Level 5.0(4.9) Spellcasting
 + Level 11.9(11.8) Invocations
 + Level 10.5(10.4) Evocations


You had 7 spell levels left.
You knew the following spells:

 Your Spells              Type           Power        Failure   Level  Hunger
a - Cause Fear            Hex            #.........   99%         4    ####...
b - Recall                Summ/Tloc      N/A          86%         3    ###....
c - Apportation           Tloc           #.........   38%         1    None
d - Portal Projectile     Tloc           #.....       58%         2    #......
e - Swiftness             Chrm/Air       #.........   58%         2    #......
f - Repel Missiles        Chrm/Air       #.........   58%         2    #......
g - Regeneration          Chrm/Necr      #.........   86%         3    ###....


Dungeon Overview and Level Annotations

Branches:
Dungeon (10/27)            Temple (1/1) D:4             Orc (4/4) D:8
    Elf (3/3) Orc:3          Lair (8/8) D:9           Swamp (0/5) Lair:6
  Snake (0/5) Lair:4        Slime (0/6) Lair:7

Altars:
Ashenzari
Cheibriados
Elyvilon
Fedhas
Kikubaaqudgha
Makhleb
Nemelex Xobeh
Okawaru
Sif Muna
Trog
Vehumet
Xom
Yredelemnul
Zin
the Shining One
Beogh

Shops:
Orc:1 (   Orc:4 %%%*   Elf:3 }

Portals:
Trove: Elf:3 (give +4,+4 demon blade)

Annotations:
Elf:2 Agnes
Lair:1 exclusions: fungus, plant and 2 more exclusions
Lair:6 exclusions: electric eel and 1 more exclusion


Innate Abilities, Weirdness & Mutations

You cannot wear most types of armour.
You are amphibious.
You can wear up to eight rings at the same time.
You can use your tentacles to constrict many enemies at once.
Your skin changes colour to match your surroundings (Stlth).
Your rubbery body absorbs attacks (AC +1).
You are dopey. (Int -2)
You are frail (-10% HP).
You passively map a small area around you.


Message History

Select plant or fungus to evolve.
Press: ? - help, Dir - move target cursor, f - toadstool
Aim: a toadstool (peaceful)
The floor, spattered with blood.
The toadstool can now pick up its mycelia and move.
You can no longer control the weather.
Your piety has decreased.
Agnes hits you with a glowing lajatang!
* * * LOW HITPOINT WARNING * * *
You walk carefully through the fungus.
Agnes hits you with a glowing lajatang!
* * * LOW HITPOINT WARNING * * *
Your wandering mushroom hits Agnes but does no damage.
Agnes hits your wandering mushroom with a glowing lajatang!
Your wandering mushroom hits Agnes!
Agnes is engulfed in a cloud of spores!
Agnes hits your wandering mushroom with a glowing lajatang!
Your wandering mushroom is destroyed!
You feel a little guilty.
The deep elf priest calls down the wrath of its god upon you.
Something smites you!
You die...
Fedhas appreciates your contribution to the ecosystem.

* .# * * , ,e# ... , .. , ...##
* *** * , . , ....#
###########. * , ###...#
...........######. .#...*
.....(.....).....f.,...,,
####...####e###### #.#*
............i.@..#####.#####.##
.............ff..=f((.(........
...#######.####(#####(#####.#.
* *. #.# #.#.....## * * #.#
#.#.##...# *, , ##### #.#
#.#.##...# *,* #...###### #.#
#.#.##...# . #...##...# #.#
#.#.###### .# #........####.#
#.#.# #.#


You could see Agnes, a deep elf priest and a friendly wandering mushroom.

Vanquished Creatures
  A deep elf blademaster (Elf:3)
  Donald (Elf:3)
  A reaper (Elf:3)
  2 deep elf demonologists (Elf:3)
  2 deep elf annihilators (Elf:3)
  A minotaur (Lab)
  A deep elf death mage (Elf:3)
  3 hydras
  7 death yaks (Lair:8)
  A spectral elf (Elf:3)
  2 orc high priests (Orc:4)
  4 catoblepae
  3 deep elf knights
  A soul eater (Elf:3)
  A hill giant (D:8)
  5 deep elf conjurers
  2 griffons (Lair:8)
  2 orc knights
  4 deep elf summoners
  3 elephants
  11 spiny frogs
  2 black mambas
  A smoke demon (Orc:4)
  3 komodo dragons
  2 fire drakes
  An item mimic (D:10)
  A hellwing (Orc:4)
  3 trolls
  2 deep elf priests (Elf:3)
  25 blink frogs
  A brown ooze (shapeshifter) (Elf:3)
  A boulder beetle (Lair:5)
  A basilisk (Lair:8)
  2 redbacks (Lair:6)
  2 elephant slugs
  Eustachio (D:9)
  12 deep elf fighters
  9 deep elf magi
  3 wyverns
  7 wolves
  6 hippogriffs
  The ghost of teukkam the Stinger, an average DsVM (D:4)
  31 yaks
  A manticore (D:10)
  11 porcupines
  13 orc warriors
  3 sky beasts
  4 ice beasts
  4 phantoms
  2 centaurs
  A boring beetle (Lair:7)
  17 crocodiles
  7 ogres
  3 wargs
  8 giant slugs
  2 brain worms
  5 agate snails
  8 giant frogs
  8 water moccasins
  2 killer bees (D:9)
  A troll zombie (D:3)
  2 quasits
  3 wights (D:3)
  2 electric eels (Lair:1)
  6 crimson imps
  A goliath beetle (D:7)
  2 centaur skeletons
  A gnoll shaman (D:8)
  16 orc priests
  9 iguanas
  17 orc wizards
  A scorpion (D:7)
  3 hounds
  2 orange rats (Elf:2)
  8 worker ants
  20 sheep
  A sky beast zombie (D:5)
  Jessica (D:3)
  A big kobold skeleton (D:8)
  26 adders
  9 gnolls
  An inept item mimic (D:6)
  7 giant centipedes
  2 giant mites
  57 green rats
  2 worms
  4 giant geckos
  2 oozes (D:1)
  154 orcs
  4 ball pythons
  A bat zombie (D:8)
  16 hobgoblins
  26 jackals
  14 quokkas
  28 bats
  7 giant cockroaches
  2 giant newts
  3 giant spores
  A gnoll skeleton (D:5)
  14 goblins
  A goblin skeleton (D:5)
  A hobgoblin skeleton (D:5)
  12 kobolds
  An orc skeleton (D:6)
  20 rats
  A ballistomycete (Lair:7)
  2 fungi
789 creatures vanquished.

Vanquished Creatures (collateral kills)
  2 deep elf master archers (Elf:3)
  A deep elf blademaster (Elf:3)
  A Shadow Fiend (Elf:3)
  A deep elf sorcerer (Elf:3)
  6 deep elf demonologists (Elf:3)
  A lorocyproca (Elf:3)
  6 deep elf annihilators (Elf:3)
  4 deep elf death magi (Elf:3)
  2 deep elf high priests (Elf:3)
  The ghost of BoredOne the Fighter, an experienced MiFi of Makhleb (D:10)
  3 hydras
  A spectral elf (Elf:3)
  2 death yaks (Lair:8)
  A sun demon (Orc:4)
  3 orc high priests (Orc:4)
  4 deep elf knights (Elf:3)
  7 orc knights (Orc:4)
  Pikel (D:8)
  A griffon (Lair:6)
  A black mamba (Lair:3)
  6 elephants
  A deep elf summoner (Elf:3)
  6 spiny frogs
  An orange demon (Elf:3)
  2 hellwings
  An iron devil (Elf:3)
  A feature mimic (Lair:3)
  3 komodo dragons
  5 blink frogs
  5 wandering mushrooms
  6 deep elf magi (Elf:3)
  2 ynoxinuls
  2 redbacks (Lair:6)
  3 shadows (Elf:3)
  24 yaks
  A wyvern (Lair:6)
  A neqoxec (Elf:3)
  2 deep elf fighters (Elf:3)
  A hippogriff (Lair:6)
  2 wolves (Lair:5)
  2 hungry ghosts
  3 sky beasts
  2 porcupines
  25 orc warriors
  2 ice beasts
  A black bear (D:6)
  A boring beetle (Lair:6)
  2 rotting devils
  3 crocodiles
  2 ogres (D:6)
  3 lost souls (Elf:3)
  A giant slug (Lair:7)
  Blork the orc (D:8)
  6 water moccasins
  2 agate snails
  A killer bee (D:9)
  A troll skeleton (D:7)
  2 wights (D:3)
  2 electric eels (Lair:6)
  19 orc priests
  A quasit (Elf:3)
  2 crimson imps (Elf:3)
  2 iron imps (Elf:3)
  A gnoll shaman (D:9)
  2 jellies
  An iguana (D:4)
  5 orc wizards
  A worker ant (D:6)
  9 sheep
  A mottled dragon skeleton (D:6)
  4 lemures (Elf:3)
  4 gnolls
  8 green rats
  An adder (D:4)
  A shadow imp (Elf:3)
  A worm (D:8)
  A giant mite (Lair:4)
  An ufetubus (Elf:3)
  48 orcs
  2 giant cockroaches (D:8)
  A hobgoblin (Orc:4)
  3 jackals (Lair:5)
  A kobold (D:5)
  A bat (Lair:6)
  9 giant spores
  A goblin (Orc:1)
  A jackal skeleton (D:5)
  2 rats
  A fungus (Lair:3)
  8 toadstools
329 creatures vanquished.

Vanquished Creatures (others)
  6 oklob plants
  A deep elf high priest (Elf:3)
  A hyperactive ballistomycete (Orc:4)
  A smoke demon (Elf:3)
  A water elemental (Orc:4)
  31 shadows
  A slave (D:8)
  A yellow wasp (Lair:8)
  An ice beast (Elf:1)
  3 killer bees (Orc:4)
  A crimson imp (D:8)
  A goliath beetle (Orc:4)
  3 scorpions
  2 spiders (Orc:4)
  7 worker ants
  A giant mite (D:8)
  5 worms
  2 orcs
  A bat (D:8)
  A giant spore (Orc:1)
  50 wandering mushrooms
  2 butterflies
  15 fungi
  5 plants
  587 toadstools
730 creatures vanquished.

Grand Total: 1848 creatures vanquished

Notes
Turn   | Place    | Note
--------------------------------------------------------------
     0 | D:1      | M4edhros, the Octopode Artificer, began the quest for the Orb.
     0 | D:1      | Reached XP level 1. HP: 14/14 MP: 1/1
   131 | D:1      | Reached XP level 2. HP: 14/19 MP: 3/3
   759 | D:3      | Noticed Jessica
   773 | D:2      | Reached skill level 4 in Stealth
   773 | D:2      | Reached XP level 3. HP: 6/24 MP: 4/4
   847 | D:3      | Reached skill level 5 in Stealth
   847 | D:3      | Reached XP level 4. HP: 24/29 MP: 6/6
   859 | D:3      | Killed Jessica
   932 | D:3      | Reached skill level 6 in Stealth
   942 | D:4      | Found a staircase to the Ecumenical Temple.
  1111 | D:4      | Noticed teukkam's ghost (average DsVM)
  1148 | D:3      | Noticed a wight
  1148 | D:3      | Noticed a wight
  1148 | D:3      | Noticed a wight
  1148 | D:3      | Noticed a wight
  1148 | D:3      | Noticed a wight
  1154 | D:3      | a wight (ally) was killed
  1160 | D:3      | Killed a wight
  1160 | D:3      | Reached skill level 7 in Stealth
  1160 | D:3      | Reached XP level 5. HP: 24/34 MP: 7/7
  1162 | D:3      | Killed a wight
  1168 | D:3      | Killed a wight
  1168 | D:3      | Reached skill level 8 in Stealth
  1182 | D:3      | a wight (ally) was killed
  1186 | D:3      | Reached XP level 6. HP: 20/39 MP: 9/9
  1200 | D:3      | Reached skill level 18 in Stealth
  1200 | D:3      | Reached XP level 7. HP: 14/44 MP: 10/10
  1957 | D:4      | Noticed a phantom
  1996 | D:4      | Killed teukkam's ghost
  1996 | D:4      | Reached skill level 1 in Polearms
  2023 | D:4      | Killed a phantom
  2509 | D:4      | Learned a level 4 spell: Cause Fear
  2803 | Temple   | Entered the Ecumenical Temple
  2846 | Temple   | Became a worshipper of Fedhas Madash
  3154 | D:3      | Reached XP level 8. HP: 47/50 MP: 12/12
  3210 | D:3      | Found a snail-covered altar of Cheibriados.
  3210 | D:3      | Found a radiant altar of Vehumet.
  3422 | D:2      | Acquired Fedhas' first power
  3621 | D:2      | Found a shattered altar of Ashenzari.
  4380 | D:5      | Entered Level 5 of the Dungeon
  4512 | D:5      | Found a basalt altar of Yredelemnul.
  4547 | D:5      | Acquired Fedhas' second power
  4698 | D:5      | Reached skill level 1 in Invocations
  5332 | D:6      | Reached XP level 9. HP: 41/54 MP: 13/13
  5488 | D:6      | Found a glowing golden altar of the Shining One.
  6294 | D:6      | Found a glowing silver altar of Zin.
  6560 | D:7      | Got a bloodstained spear
  6621 | D:7      | Learned a level 3 spell: Recall
  7010 | D:7      | Identified the +5,+11 spear of the Doomed Warrior {venom, -Tele rF++ SInv} (You found it on level 7 of the Dungeon)
  7106 | D:7      | Found a sparkling altar of Nemelex Xobeh.
  7278 | D:8      | Reached XP level 10. HP: 57/60 MP: 15/17
  7341 | D:8      | Noticed a hill giant
  7349 | D:8      | Killed a hill giant
  7349 | D:8      | Reached skill level 19 in Stealth
  7349 | D:8      | Reached skill level 5 in Invocations
  7384 | D:8      | Noticed Pikel
  7400 | D:8      | Killed Pikel
  7400 | D:8      | Reached skill level 5 in Polearms
  7405 | D:8      | Noticed Blork the orc
  7417 | D:8      | Killed Blork the orc
  7556 | D:8      | Gained mutation: You are frail (-10% HP). [mutagenic meat]
  7557 | D:8      | Gained mutation: You have very sharp teeth. [mutagenic meat]
  7806 | D:8      | Acquired Fedhas' third power
  8114 | D:8      | Found a staircase to the Orcish Mines.
  8121 | D:8      | Found a roughly hewn altar of Beogh.
  8243 | D:8      | Found a bloodstained altar of Trog.
  8910 | D:9      | Acquired Fedhas' fourth power
  9044 | D:9      | Found a staircase to the Lair.
  9133 | D:9      | Reached XP level 11. HP: 36/57 MP: 20/20
  9178 | D:9      | Learned a level 1 spell: Apportation
  9181 | D:9      | Learned a level 2 spell: Portal Projectile
  9283 | D:9      | Noticed Eustachio
  9292 | D:9      | Killed Eustachio
  9734 | Lair:1   | Entered Level 1 of the Lair of Beasts
  9752 | Lair:1   | Noticed an eight-headed hydra
  9767 | Lair:1   | Killed an eight-headed hydra
  9767 | Lair:1   | Reached skill level 1 in Shields
  9870 | Lair:1   | Lost mutation: You are frail (-10% HP). [potion of cure mutation]
  9870 | Lair:1   | Lost mutation: You have very sharp teeth. [potion of cure mutation]
 10985 | Lair:2   | Paralysed by a potion of paralysis for 5 turns
 11011 | Lair:2   | Reached skill level 20 in Stealth
 11013 | Lair:2   | Acquired Fedhas' fifth power
 11184 | Lair:2   | Got a warped large shield
 11185 | Lair:2   | Identified the cursed -2 large shield of Muuzurim {rF++ Str+2} (You found it on level 2 of the Lair of Beasts)
 12333 | Lair:3   | Reached XP level 12. HP: 52/70 MP: 23/23
 13533 | Lair:4   | Reached skill level 5 in Shields
 14231 | Lair:4   | Noticed a four-headed hydra
 14260 | Lair:4   | Killed a four-headed hydra
 15208 | Lair:4   | Reached skill level 21 in Stealth
 15224 | Lair:4   | Found a staircase to the Snake Pit.
 15396 | Lair:5   | Reached XP level 13. HP: 42/74 MP: 26/26
 15475 | Lair:5   | Reached skill level 10 in Invocations
 15525 | Lair:5   | Reached skill level 1 in Spellcasting
 15535 | Lair:5   | Learned a level 2 spell: Swiftness
 15538 | Lair:5   | Learned a level 2 spell: Repel Missiles
 16721 | Lair:5   | Noticed a five-headed hydra
 17268 | Lair:6   | Found a burning altar of Makhleb.
 17492 | Lair:6   | Found a staircase to the Swamp.
 18047 | Lair:7   | Found a staircase to the Slime Pits.
 18555 | Lair:8   | Entered Level 8 of the Lair of Beasts
 18570 | Lair:8   | Gained mutation: You are frail (-10% HP). [potion of mutation]
 18570 | Lair:8   | Gained mutation: You passively map a small area around you. [potion of mutation]
 18570 | Lair:8   | Gained mutation: You are dopey. (Int -2) [potion of mutation]
 19013 | Lair:8   | Reached skill level 10 in Polearms
 19702 | Lair:8   | Reached XP level 14. HP: 72/72 MP: 26/28
 19876 | Lair:8   | Identified a +4 rod of the swarm (14/14) (You found it on level 8 of the Lair of Beasts)
 20878 | Lair:8   | Reached skill level 5 in Spellcasting
 21835 | Orc:1    | Entered Level 1 of the Orcish Mines
 22536 | Orc:2    | Found a burning altar of Makhleb.
 22719 | Orc:1    | Found Plog's Antique Weapon Shoppe.
 23666 | Orc:4    | Entered Level 4 of the Orcish Mines
 23754 | Orc:4    | Found a gateway to a bazaar.
 23937 | Orc:4    | Found a labyrinth entrance.
 23946 | Lab      | Entered a labyrinth
 24420 | Lab      | Got a smoking whip
 24421 | Lab      | Identified the +9,+3 whip "Qismyoq" {vamp, rF++} (You found it in a labyrinth)
 25181 | Orc:4    | Reached skill level 5 in Evocations
 26708 | Orc:4    | Found Amosoy's General Store.
 26709 | Orc:4    | Found Woabbif's Food Boutique.
 26709 | Orc:4    | Found Aladghei's Food Shop.
 26710 | Orc:4    | Found Miuxou's Food Boutique.
 26717 | Orc:4    | Bought a potion of heal wounds for 48 gold pieces
 26722 | Orc:4    | Bought an apple for 9 gold pieces
 26722 | Orc:4    | Bought an apple for 9 gold pieces
 26722 | Orc:4    | Bought an apricot for 9 gold pieces
 26724 | Orc:4    | Bought a pear for 11 gold pieces
 26724 | Orc:4    | Bought a pear for 11 gold pieces
 26724 | Orc:4    | Bought a lychee for 5 gold pieces
 26724 | Orc:4    | Bought an apple for 11 gold pieces
 26727 | Orc:4    | Bought a pear for 10 gold pieces
 26727 | Orc:4    | Bought a snozzcumber for 5 gold pieces
 26727 | Orc:4    | Bought a cheese for 19 gold pieces
 26727 | Orc:4    | Bought a sausage for 19 gold pieces
 26727 | Orc:4    | Bought a slice of pizza for 23 gold pieces
 27236 | D:10     | Entered Level 10 of the Dungeon
 27284 | D:10     | Noticed BoredOne's ghost (experienced MiFi)
 27306 | D:10     | Killed BoredOne's ghost
 28074 | Bazaar   | Entered a bazaar
 28082 | Bazaar   | Found Teifaec's Assorted Antiques.
 28085 | Bazaar   | Found Aceid's Distillery.
 28092 | Bazaar   | Found Wacuru's Weapon Shop.
 28098 | Bazaar   | Found Wuyfam's General Store.
 28105 | Bazaar   | Bought a scroll of blinking for 44 gold pieces
 28105 | Bazaar   | Bought a scroll of recharging for 44 gold pieces
 28105 | Bazaar   | Bought a scroll of teleportation for 24 gold pieces
 28118 | Bazaar   | Bought a potion of poison for 11 gold pieces
 28118 | Bazaar   | Bought a potion of berserk rage for 33 gold pieces
 28118 | Bazaar   | Bought a potion of confusion for 11 gold pieces
 28128 | Bazaar   | Bought a scroll labeled ONIETR SHRURAL for 41 gold pieces
 28146 | Bazaar   | Found Graeblanaw's Armour Emporium.
 28175 | Bazaar   | Bought a blackened bone ring for 1025 gold pieces
 28183 | Bazaar   | Bought a potion of speed for 60 gold pieces
 28190 | Bazaar   | Bought a long bone wand for 820 gold pieces
 28220 | Bazaar   | Bought a potion of curing for 16 gold pieces
 28329 | Orc:3    | Found a staircase to the Elven Halls.
 28379 | Elf:1    | Entered Level 1 of the Elven Halls
 28390 | Elf:1    | Found a flickering gateway to a bazaar.
 28448 | Elf:3    | Entered Level 3 of the Elven Halls
 28682 | Elf:3    | Noticed Donald
 28782 | Elf:3    | Killed Donald
 29002 | Elf:3    | Reached skill level 10 in Shields
 29002 | Elf:3    | Reached XP level 15. HP: 23/77 MP: 16/29
 29622 | Orc:4    | Bought a meat ration for 48 gold pieces
 29622 | Orc:4    | Bought a meat ration for 48 gold pieces
 29622 | Orc:4    | Bought a meat ration for 48 gold pieces
 29627 | Orc:4    | Bought a scroll of fog for 32 gold pieces
 30084 | Elf:3    | Found Jazyeth's Gadget Boutique.
 30398 | Elf:3    | Noticed a Shadow Fiend
 30404 | Elf:3    | Killed a Shadow Fiend
 30637 | Elf:3    | Noticed a deep elf blademaster
 30638 | Elf:3    | Noticed a deep elf blademaster
 30657 | Elf:3    | Killed a deep elf blademaster
 30672 | Elf:3    | Killed a deep elf blademaster
 30672 | Elf:3    | Reached skill level 10 in Evocations
 30744 | Elf:3    | Reached skill level 22 in Stealth
 30753 | Elf:3    | Noticed a deep elf master archer
 30766 | Elf:3    | Killed a deep elf master archer
 30817 | Elf:3    | Noticed a deep elf master archer
 30825 | Elf:3    | Killed a deep elf master archer
 31115 | Elf:3    | Noticed a deep elf sorcerer
 31160 | Elf:3    | Killed a deep elf sorcerer
 31515 | Elf:3    | Got a vibrating glass ring
 31589 | Elf:3    | Learned a level 3 spell: Regeneration
 31631 | Elf:3    | Got a brightly glowing long sword
 31633 | Elf:3    | Got a crude scimitar
 31750 | Elf:3    | Paralysed by a potion of paralysis for 4 turns
 31879 | Elf:3    | Found a portal to a secret trove of treasure.
 31956 | Elf:2    | Identified the ring "Pneng" {SustAb Str+3 Dex+2 Stlth--} (You found it on level 3 of the Elven Halls)
 32249 | Elf:2    | Noticed Agnes
 32309 | Elf:2    | Killed from afar by a deep elf priest

Action                   |  1- 3 |  4- 6 |  7- 9 | 10-12 | 13-15 || total
-------------------------+-------+-------+-------+-------+-------++-------
Melee: Short sword       |    48 |     6 |       |       |       ||    54
       Hand axe          |       |    14 |       |       |       ||    14
       Trident           |       |       |   341 |       |       ||   341
       Spear             |       |       |    18 |   670 |  1119 ||  1807
       Rod               |       |       |       |       |     4 ||     4
 Fire: Blowgun           |       |       |       |       |     6 ||     6
Invok: Evolution         |       |       |     6 |    19 |    48 ||    73
       Sunlight          |       |       |     5 |     8 |    18 ||    31
       Reproduction      |       |       |       |     1 |     7 ||     8
       Rain              |       |       |       |       |     7 ||     7
       Growth            |       |       |       |       |     2 ||     2
 Abil: Evoke Invisibilit |       |       |       |       |     4 ||     4
       Turn Visible      |       |       |       |       |     4 ||     4
Evoke: Wand              |       |    17 |    15 |    12 |    46 ||    90
       Rod               |       |       |       |       |    32 ||    32
       Miscellaneous     |       |       |       |       |     1 ||     1
  Use: Potion            |     4 |     1 |     7 |     8 |    11 ||    31
       Scroll            |       |       |    15 |    11 |    20 ||    46
 Stab: Sleeping          |     3 |     1 |    52 |    70 |    84 ||   210
       Distracted        |     1 |     1 |     5 |     1 |     9 ||    17
       Confused          |       |       |     7 |    22 |    31 ||    60
       Invisible         |       |       |       |       |     9 ||     9
       Fleeing           |       |       |       |       |     1 ||     1
